Shrek, chaotic male human Priest --- -..| -- --...-- --.------..^...------ - |.....................| |......[.......G-- ---..@%%....G....| |.>.G..........| ---.---...^....| ..| ........| --- .......- .--...... -- ......| .....| |.---- -- Shrek the Acolyte Experience level: 4 Strength: 13 Dexterity: 10 Constitution: 14 Intelligence: 10 Wisdom: 18 Charisma: 10 Health: 0(32) Energy: 48(54) Def: 7 Gold: 99 Moves: 926 Dungeon seed: I0oU-Y-mMt3ZuddJ Game ID: Shrek_1521286557 Your Inventory: Coins $ - 99 gold pieces Weapons a - a blessed corroded +1 mace (weapon in hand) Armor e - an uncursed +0 robe (being worn) n - an uncursed +0 small shield (being worn) y - an uncursed +0 dwarvish iron helm (being worn) z - an uncursed +0 pair of iron shoes (being worn) Comestibles c - an uncursed clove of garlic d - an uncursed sprig of wolfsbane i - 2 uncursed lichen corpses m - an uncursed Drugs r - an uncursed tin of lichen Scrolls j - an uncursed scroll of blank paper s - an uncursed scroll of remove curse Potions b - 4 potions of holy water k - an uncursed potion of sickness l - an uncursed potion of monster detection t - an uncursed potion of booze Rings p - an uncursed ring of see invisible (on left hand) Tools h - an uncursed oil lamp (0:1323) o - an uncursed skeleton key Spells and supernatural/magical abilities: Name Level Category Fail Memory h - healing 1 healing 0% 100% I - identify 2 divination 53% 100% W - pray for help -- divine ? -- X - turn undead -- divine ? -- Your skills at the end: Fighting Skills wands [Basic] Weapon Skills mace [Basic] Spellcasting Skills clerical spells [Basic] Final Attributes: You saw invisible. You are dead. Vanquished creatures: a little dog 2 dwarves an acid blob a brown mold 3 gnomes 3 foxes a kobold 3 goblins 2 grid bugs 4 lichens 3 newts 24 creatures vanquished. Voluntary challenges: You were an atheist. You used a wielded weapon 32 times, starting on turn 2. You read items or engraved 8 times, starting on turn 342. You never genocided any monsters. You never polymorphed an object. You never changed form. You used no wishes. You never split a pudding. You never wrote Elbereth's name. You never violated your personal moral code. Dungeon overview: The Dungeons of Doom: levels 1 to 2 Level 1 a long staircase Level 2 a general store, a fountain, a vault stairs to The Gnomish Mines The Gnomish Mines: Level 3 <- You were here stairs to The Dungeons of Doom History has recorded: On T:1 you entered the Dungeons of Doom to retrieve the Amulet of Yendor! On T:337 you reached level 2 of The Dungeons of Doom. On T:339 you advanced to experience level 2. On T:535 you advanced to experience level 3. On T:854 you reached level 1 of The Gnomish Mines. On T:864 you advanced to experience level 4. Score breakdown: Gold: 99 ( 6803 points) Experience: 4 levels ( 9649 points) Exploration: 3 levels ( 6.12%) ( 6123 points) Discoveries: 7 items ( 2.33%) ( 4582 points) Valuables value: (no points given unless you survive) Artifact value: 0 ( 0 points) Variety of kills: 11 monsters ( 2.89%) ( 5104 points) Turncount: 926 turns ( 0 points) Survival: died (score multiplied by 80%) Total score: 25808 Latest messages: You start equipping your pair of hard shoes. You are now wearing a pair of hard shoes. [3 turns] p - an uncursed ring of see invisible. s - an uncursed scroll of remove curse. You are now wearing a ring of see invisible. You hit the gnome king! The gnome king just misses! You miss the gnome king. The gnome king hits! The gnome hurls an uncursed cyan potion! The bottle crashes on your head and breaks into shards. Something seems to be holding you. It must be an uncursed potion of paralysis. The gnome king hits! The gnome wields a bow! The gnome king hits! (2x) You die... Final status: Goodbye Shrek the Priest, killed by a gnome king, while frozen by potion vapours... You died in The Gnomish Mines on dungeon level 3 with 25808 points, and 99 pieces of gold, after 926 moves. You were level 4 with a maximum of 32 hit points when you died.